 Dungeon Crawl Stone Soup version 0.16-b1 (webtiles) character file.

122 Zapata the Cudgeler (level 5, -1/48 HPs)
             Began as a Kobold Berserker on Mar 15, 2015.
             Was a Believer of Trog.
             Succumbed to an orc wizard's poison
             ... on level 3 of the Dungeon.
             The game lasted 00:02:17 (2426 turns).

Zapata the Cudgeler (Kobold Berserker)              Turns: 2426, Time: 00:02:17

Health: -1/48      AC:  3    Str: 21    XL:     5   Next: 27%
Magic:  5/5        EV: 15    Int:  5    God:    Trog [**....]
Gold:   83         SH:  0    Dex: 16    Spells: 0 memorised, 4 levels left

rFire  + . .     SeeInvis .     a - +0 mace
rCold  . . .     Clarity  .     b - +0 animal skin
rNeg   . . .     SustAb   .     (no shield)
rPois  .         Gourm    .     (no helmet)
rElec  .         Spirit   .     j - +0 cloak
rCorr  .         Warding  .     (no gloves)
rMut   .         Stasis   .     (no boots)
MR     .....                    (no amulet)
Stlth  ..........               (no ring)
                                k - ring of protection from fire

@: berserking, lethally poisoned (-1 -> -44), very quick, not resistant to
hostile enchantments, extremely unstealthy
A: carnivore 3
a: Burn Spellbooks, Berserk, Trog's Hand, Renounce Religion


You were on level 3 of the Dungeon.
You worshipped Trog.
Trog was pleased with you.
You were not hungry.

You visited 1 branch of the dungeon, and saw 3 of its levels.

You collected 83 gold pieces.

Inventory:

Hand weapons
 a - a +0 mace (weapon)
Missiles
 g - 20 bolts
Armour
 b - a +0 animal skin (worn)
 j - a +0 cloak (worn)
Jewellery
 k - a ring of protection from fire (left hand)
Scrolls
 f - 6 scrolls of identify {unknown}
 h - a scroll of amnesia {unknown}
 i - a scroll of enchant armour {unknown}
 n - 3 scrolls of blinking {unknown}
 o - a scroll of remove curse {unknown}
 p - a scroll of noise {unknown}
 q - a scroll of immolation {unknown}
 s - a scroll of teleportation {unknown}
Potions
 e - 2 potions of heal wounds {unknown}
 l - a potion of ambrosia {unknown}
 m - a potion of haste {unknown}
Comestibles
 c - a meat ration
 d - a beef jerky


   Skills:
 - Level 3.2 Fighting
 + Level 5.6 Maces & Flails
 - Level 1.5 Armour
 - Level 2.4 Dodging


You had 4 spell levels left.
You didn't know any spells.

Dungeon Overview and Level Annotations

Branches:
Dungeon (3/15)

Altars:
Kikubaaqudgha


Innate Abilities, Weirdness & Mutations

You are small and have problems with some larger weapons.
You are carnivorous and can eat meat at any time.


Message History

A red film seems to cover your vision as you go berserk!
You feel yourself moving faster!
You feel mighty!
* * * LOW HITPOINT WARNING * * *
You feel very sick. The orc misses you. The orc hits you.
* * * LOW HITPOINT WARNING * * *
Something hits you but does no damage.
You are more poisoned.
You closely miss something.
* * * LOW HITPOINT WARNING * * *
You feel sick. The orc hits you with a dagger.
* * * LOW HITPOINT WARNING * * *
The orc closely misses you. Something hits you but does no damage.
You are more poisoned.
* * * LOW HITPOINT WARNING * * *
You feel sick.
Things that are here:
a whip; a kobold corpse You feel a strong urge to attack something.
You die...

### ########## #### #..
......... .....######.#
# #<....)..
.......)..##.#
#.#........
#...o.##.####.#........
#..{o)@..........÷.....
#.....##...###.÷<......
#.....##...............
########...####........
##..# #........ #..#
#........ #..#
###.#>### #..# #.#.# #
.#######..# #.#.###


You could see 2 orcs.

Vanquished Creatures
  A scorpion (D:3)
  3 adders
  An orc (D:3)
  A ball python (D:1)
  5 bats
  7 giant cockroaches
  5 hobgoblins
  A giant newt (D:1)
  6 goblins
  7 kobolds
  A quokka (D:3)
  7 rats
  2 rat zombies (D:2)
47 creatures vanquished.

Notes
Turn   | Place    | Note
--------------------------------------------------------------
     0 | D:1      | Zapata, the Kobold Berserker, began the quest for the Orb.
     0 | D:1      | Reached XP level 1. HP: 14/14 MP: 1/1
   497 | D:1      | Reached XP level 2. HP: 19/19 MP: 2/2
  1102 | D:2      | Reached skill level 4 in Maces & Flails
  1102 | D:2      | Reached XP level 3. HP: 21/23 MP: 3/3
  1777 | D:2      | Found an ancient bone altar of Kikubaaqudgha.
  2151 | D:2      | Reached XP level 4. HP: 14/28 MP: 4/4
  2301 | D:3      | Acquired Trog's second power
  2301 | D:3      | Reached skill level 5 in Maces & Flails
  2301 | D:3      | Reached XP level 5. HP: 32/32 MP: 5/5
  2425 | D:3      | HP: 1/48 [poisoned by an orc wizard]
  2426 | D:3      | Succumbed to an orc wizard's poison

Action                   |  1- 3 |  4- 6 || total
-------------------------+-------+-------++-------
Melee: Mace              |   117 |    47 ||   164
Invok: Berserk           |       |     2 ||     2
  Eat: Chunk             |     3 |     7 ||    10
